[Event "51st Rilton Cup 2023-24"]
[Site "Stockholm"]
[Date "2023.12.31"]
[Round "5.3"]
[White "Jarmula, Lukasz"]
[Black "Prraneeth Vuppala"]
[Result "1/2-1/2"]
[ECO "E51"]
[WhiteElo "2425"]
[BlackElo "2515"]
[Annotator "TA"]
[PlyCount "113"]
[EventDate "2023.12.27"]
[EventType "swiss"]
[EventCountry "SWE"]
[SourceTitle "playchess.com"]
[Source "ChessBase"]
[SourceQuality "1"]
[TimeControl "40/5400+30:1800+30"]

1. c4 e6 2. Nc3 d5 3. d4 Bb4 4. e3 Nf6 5. Qa4+ Nc6 6. Nf3 O-O 7. Qc2 dxc4 8. Bxc4 a6 9. O-O Bd6 {[%emt 0:02:32] E51: Nimzo-Indian: Rubinstein: 4...0-0 5 Nf3 d5.} 10. a3 Qe7 11. e4 e5 $1 {[%emt 0:12:42] [#] White is slightly better.} 12. Bg5 $146 ({Predecessor:} 12. d5 Nd4 13. Qd1 Bg4 14. Be2 Nxe2+ 15. Qxe2 h6 16. h3 Bh5 17. Kh1 Qd7 18. Qd3 {½-½ Aguila Filho,R-Torres,V Cearense-ch Fortaleza 2004 (4)}) 12... Nxd4 13. Nxd4 exd4 14. Nd5 Bxh2+ $2 15. Kh1 $1 $18 (15. Kxh2 Ng4+ 16. Kg1 Qxg5 $17) 15... Qd6 (15... Qxe4 $2 16. Nxf6+ gxf6 17. Qxe4 $18) 16. Bxf6 gxf6 17. g3 b5 18. Bd3 c5 19. f4 $2 (19. Kxh2 f5 $16) (19. Qd2 $18 Kg7 20. Kxh2) 19... c4 (19... Bxg3 $2 20. Rf3 Kh8 21. Rxg3 $18) 20. Qxh2 (20. Bxc4 $5 f5 21. Kxh2 bxc4 22. Qxc4 $11) 20... Bb7 (20... cxd3 $2 21. Qh6 $18) (20... f5 $1 $11 21. Qh5 f6) 21. Be2 $14 f5 $1 {[%emt 0:02:29] aiming for ...Rfe8.} 22. Qh4 $2 (22. Bf3 $1 $16 {is necessary to keep the advantage. And now e5 would win.} fxe4 23. Bxe4) 22... f6 $19 23. Bf3 (23. Kg2 {was called for.} fxe4 24. Ne3 (24. Rh1 $2 Rf7 $19)) 23... fxe4 $1 24. Bxe4 Qd7 25. Nb6 (25. Qh5 Rad8 26. Nxf6+ Rxf6) (25. Nxf6+ $142 Rxf6 26. Kh2) 25... Bxe4+ (25... Qe7 $1 $19 {[%cal Re7e4] and Black stays clearly on top.} 26. Qg4+ Kh8) 26. Kh2 $17 Qd6 27. Nxa8 Bxa8 (27... Rxa8 $6 28. f5 Bd3 29. Rf4 $11) 28. Rae1 d3 29. f5 {[%emt 0:02:28] White is weak on the light squares} Kh8 $40 {[%emt 0:02:50][%mdl 128] Black attacks.} (29... Qd5 $17 30. Rf2 Bc6) 30. Rf2 (30. Kh3 $15) 30... Qc5 ({Better is} 30... a5 31. Kg1 Bd5) 31. Qf4 Rd8 ({Black should play} 31... a5 $17 {Threatening ...Bc6.} 32. Qe3 Qd6) 32. Rd2 (32. Kg1 $1 $11 {remains equal.}) 32... Bc6 (32... a5 $17 33. Qh4 Rf8) 33. Re6 $1 $11 {[%emt 0:00:57] Qh6 is the strong threat.} Qd5 34. Re1 {[%emt 0:00:21] [#] Wards off Qh1+} (34. g4 $1 $11) 34... a5 $1 $19 35. Qc7 $2 (35. Qh6 Qxf5 36. Re7) 35... Rd7 (35... Rg8 $142 {Hoping for ...b4.} 36. Rf2 b4 37. axb4 axb4) 36. Qf4 Rd8 {[%emt 0:00:26] Inhibits Re8+.} (36... Rg7 $19 {...b4 would be deadly.} 37. Qh6 Qxf5) 37. Rf2 $2 (37. Qc7 $11) 37... b4 {[%emt 0:00:15] White must now prevent ...d2.} (37... d2 38. Rd1 Qe4 39. Qxe4 (39. Rfxd2 Rxd2+ 40. Qxd2 Qxf5 $11) 39... Bxe4 40. g4 $16) 38. axb4 axb4 (38... d2 39. Rd1 Qf7 40. Rfxd2 $18 (40. bxa5 Qh5+ 41. Qh4 Qxd1 $11)) 39. Qh6 Qf7 40. Re6 Qg7 $2 (40... Ba8 $19 {Strongly threatening ...c3.} 41. Ra6 (41. Qxf6+ $2 Qxf6 42. Rxf6 c3 $19) (41. Rxf6 $2 Qg7 $19) 41... Qg7) 41. Qe3 $11 {[%emt 0:08:41] Really sharp!} (41. Qxf6 $2 {is the wrong capture.} Qxf6 42. Rxf6 d2 $19) ({Reject} 41. Qxg7+ Kxg7 42. Rxc6 d2 $17) 41... Bd5 42. Re8+ $1 Rxe8 43. Qxe8+ {[%emt 0:00:07][%mdl 4096] Endgame KQR-KQB} Qg8 44. Qb5 ({Don't go for} 44. Qe7 $2 Qf7 45. Qd8+ Kg7 $19) 44... Qf7 {[%emt 0:11:08] ( -> ...Qh5+)} 45. Kg1 $1 Qb7 46. Qc5 Kg7 {[%emt 0:00:14] Repels Qf8+. Threatens to win with ...Bf7.} 47. Qd4 (47. Rf4 $1 $11 {keeps the balance.}) 47... Bf7 48. Qg4+ {[%emt 0:01:50] [#]} Kh8 (48... Kf8 $1 $17 49. Qd4 Qe7) 49. Qd4 {[%emt 0:00:14] Dodges Qb6. The position is equal.} Qe7 50. Rf4 $1 Qe1+ 51. Kh2 Qe2+ 52. Kh3 Qh5+ 53. Kg2 Qe2+ 54. Kh3 Qh5+ 55. Kg2 Qe2+ 56. Kh3 Qh5+ 57. Kg2 {[%emt 0:00:06] Whites escaped into a draw.   Weighted Error Value: White=0.39/Black=0.38} 1/2-1/2

[Event "51st Rilton Cup 2023-24"]
[Site "Stockholm"]
[Date "2023.12.31"]
[Round "5.4"]
[White "Ostlund, Joar"]
[Black "Raja Rithvik R"]
[Result "0-1"]
[ECO "D43"]
[WhiteElo "2326"]
[BlackElo "2500"]
[Annotator "TA"]
[PlyCount "78"]
[EventDate "2023.12.27"]
[EventType "swiss"]
[EventCountry "SWE"]
[SourceTitle "playchess.com"]
[Source "ChessBase"]
[SourceQuality "1"]
[TimeControl "40/5400+30:1800+30"]

1. d4 {[%emt 0:00:04] Roiz,Michael} Nf6 2. c4 e6 3. Nf3 d5 4. Nc3 c6 5. Bg5 h6 6. Bxf6 Qxf6 7. e3 g6 8. Be2 {[%emt 0:00:26] D43: Semi-Slav: 5 Bg5 h6.} Bg7 9. O-O O-O 10. e4 {[%emt 0:07:52] White is slightly better.} Qd8 11. e5 dxc4 12. Bxc4 c5 13. dxc5 Nd7 14. Qe2 Nxc5 15. Rfd1 Qe7 16. Nb5 Bd7 17. Nd6 Bc6 18. Nd4 Qg5 {[%emt 0:01:06][%csl Gc6,LRe5,LRg2][%cal Rg5g2] Wards off f4} 19. Nxc6 bxc6 {[%emt 0:00:18] [#]} 20. b4 $146 ({Predecessor:} 20. Re1 Nd7 21. Qe4 Nxe5 22. f4 Nf3+ 23. Kh1 Qc5 24. Qxf3 Qxd6 25. Rad1 Qc7 26. g4 {0-1 Lupulescu,C (2618)-Mamedyarov,S (2761) Olympiad-42 Baku 2016 (4.1)}) 20... Na4 {[%emt 0:00:56] ...Nc3 would be deadly.} 21. Re1 Rad8 22. Rac1 Nb6 (22... Nc3 $1 $11 23. Rxc3 Rxd6) 23. Bb3 $14 Nd5 24. Rxc6 (24. g3 $14) 24... Nxb4 {[%emt 0:03:00] Black is weak on the light squares} (24... Nf4 $1 $11 {keeps the balance.} 25. Qf3 Bxe5) 25. Rc7 {[%emt 0:00:09] [#]} (25. Rcc1 $16) 25... Qxe5 $1 $15 {[%emt 0:04:19][%mdl 64] Remove Defender} 26. Qxe5 Bxe5 $40 {[%emt 0:00:04][%mdl 128] Black mounts an attack.} 27. Rxe5 Rxd6 28. Rxa7 Nd3 ({Better is} 28... Nxa2 $1 $17 29. g3 (29. Rxa2 Rb8 $17) 29... Nb4) 29. Re3 $11 Rc8 30. g3 (30. h3 $11) 30... g5 {[%emt 0:05:55] White must now prevent ...Rc1+.} 31. Kg2 Rc1 {[%emt 0:01:40] And now ...Ne1+ would win.} 32. Ra4 {[%emt 0:00:30] [#]} (32. Kf3 $15) 32... Ne1+ $1 $19 33. Kh3 {[%emt 0:00:01] [#]} h5 $1 34. f3 $2 {[%emt 0:00:54] This costs White the game.} (34. Rae4 $17 {is tougher.} g4+ 35. Kh4 Ng2+ 36. Kxh5 Nxe3 37. fxe3) 34... Rd2 35. Bxe6 (35. g4 $142 Nd3 36. Rxd3 (36. Ra8+ $2 Kg7 $19) 36... Rxd3 37. Ra5) 35... fxe6 36. Ra8+ Kf7 {[%emt 0:00:22] ...Nd3 is the strong threat.} 37. Ra7+ Kg6 {[%emt 0:03:14][%cal Oe1f3] ( -> ...Nxf3!)} 38. Ra6 {[%emt 0:00:54] [#]} Nxf3 $1 {[%emt 0:00:27][%csl Gh5][%cal Rg5g4][%mdl 576] Double Attack} 39. Raxe6+ (39. Rexe6+ Kf7) 39... Kf5 {[%emt 0:00:15] Weighted Error Value: White=0.69/Black=0.28 (precise)} 0-1

[Event "51st Rilton Cup 2023-24"]
[Site "Stockholm"]
[Date "2023.12.31"]
[Round "5.5"]
[White "Parkhov, Yair"]
[Black "Trost, Edvin"]
[Result "0-1"]
[ECO "D12"]
[WhiteElo "2495"]
[BlackElo "2434"]
[Annotator "TA"]
[PlyCount "74"]
[EventDate "2023.12.27"]
[EventType "swiss"]
[EventCountry "SWE"]
[SourceTitle "playchess.com"]
[Source "ChessBase"]
[SourceQuality "1"]
[TimeControl "40/5400+30:1800+30"]

1. d4 d5 2. c4 c6 3. Nf3 Nf6 4. e3 Bf5 5. Nc3 e6 6. Nh4 Bg6 7. Bd2 {[%emt 0:00:41] D12: Slav Defence: 3 Nf3 Nf6 4 e3 Bf5.} Nbd7 8. cxd5 exd5 9. Nxg6 {[%emt 0:00:05] The position is equal.} hxg6 10. Qc2 {[%emt 0:00:07] [#]} Bb4 $146 ({Predecessor:} 10... Be7 11. Bd3 Qc7 12. h3 Rc8 13. O-O-O c5 14. Kb1 a6 15. g4 c4 16. Be2 Qc6 {1-0 Roselli Mailhe,B (2433)-Brizzi,M (2022) Montevideo Duchamp Cup 4th 2020 (9)}) 11. Bd3 Rc8 12. a3 Be7 13. Ne2 Nf8 14. h3 Qd7 15. b4 Ne6 16. f3 b6 17. Qa4 O-O 18. O-O Bd6 19. Kh1 Bb8 20. Be1 Rfe8 21. Bh4 Nf8 22. Ba6 ({Much weaker is} 22. Bxf6 gxf6 23. Ba6 Rc7 $15) 22... Rcd8 {[%emt 0:00:51] ...b5 would be deadly.} 23. Qb3 $1 Re6 $40 {[%emt 0:03:17][%mdl 128] White needs to defend precisely.} 24. Bf2 Qc7 (24... c5 $17 {Threatens to win with ...c4.} 25. a4 c4) 25. g3 $15 Rde8 26. Rac1 Nh5 27. Nf4 $2 {[%emt 0:01:42] [#] This costs White the game.} (27. Rc3 $11 {and White is okay.}) 27... Rxe3 $3 $19 {[%emt 0:08:47][%mdl 576] Deflection} 28. Bxe3 {[%emt 0:00:08] aiming for Nxh5.} Nxg3+ 29. Kg1 {[%emt 0:00:18] [#]} Nh5 $1 {[%emt 0:05:25] A dynamic duo of knights.} 30. Rf2 $2 ({Wrong is} 30. Rce1 $2 Nxf4 31. Kh1 Ng2 $19) (30. Rfe1 {was the only chance.} Nxf4 31. Qc2) 30... Nxf4 31. Bf1 Qe7 32. Bxf4 Bxf4 {[%emt 0:00:02] Black is clearly winning.} 33. Rcc2 {[%emt 0:00:31] White is weak on the dark squares} ({Reject} 33. Rxc6 Be3 34. Qc2 Ne6 $19) 33... Be3 {[%emt 0:00:28] ...Qg5+ is the strong threat.} 34. Qxe3 (34. f4 $142) 34... Qxe3 35. Rce2 Qg5+ 36. Rg2 Qd8 37. Rxe8 Qxe8 {[%emt 0:00:04] Weighted Error Value: White=0.47/Black=0.10 (very precise)} 0-1

[Event "51st Rilton Cup 2023-24"]
[Site "Stockholm"]
[Date "2023.12.31"]
[Round "5.6"]
[White "Borgaonkar Akshay"]
[Black "Sivuk, Vitaly"]
[Result "1/2-1/2"]
[ECO "C77"]
[WhiteElo "2206"]
[BlackElo "2490"]
[Annotator "TA"]
[PlyCount "63"]
[EventDate "2023.12.27"]
[EventType "swiss"]
[EventCountry "SWE"]
[SourceTitle "playchess.com"]
[Source "ChessBase"]
[SourceQuality "1"]
[TimeControl "40/5400+30:1800+30"]

1. e4 e5 2. Nf3 Nc6 3. Bb5 a6 4. Ba4 Nf6 5. d3 b5 6. Bb3 Be7 7. Nc3 d6 {[%emt 0:00:30][%cal Bd7d6,Bd6d5][%mdl 32] The position is equal.} 8. a3 {[%emt 0:03:07] C77: Ruy Lopez: 3...a6 4 Ba4 Nf6, unusual lines.} O-O 9. Nd5 Na5 {[%emt 0:03:20] has lost popularity (9...Nxd5).} 10. Nxf6+ Bxf6 11. Bd5 c6 12. Ba2 {[%emt 0:00:20] [#]} d5 $146 ({Predecessor:} 12... Re8 13. b4 Nb7 14. O-O Be6 15. a4 d5 16. exd5 cxd5 17. d4 e4 18. Ne5 Nd6 {½-½ Kanarek,M (2505)-Kowalczyk,R (2223) EU-ch blitz Katowice 2017 (17)}) 13. Qe2 Re8 14. h3 Be6 15. O-O c5 16. exd5 Bxd5 17. Bxd5 Qxd5 18. Qe4 Rad8 19. Be3 Qxe4 20. dxe4 Nc4 21. a4 Rc8 22. axb5 axb5 23. Rfd1 Nxb2 24. Rdb1 Nc4 25. Rxb5 Nd6 26. Rxc5 Nxe4 27. Rxc8 Rxc8 28. Ra5 Re8 29. c4 h6 30. c5 Rc8 {[%emt 0:01:52] [#]} 31. c6 $1 Rxc6 32. Nxe5 {[%emt 0:00:07] A rather calm draw.   Weighted Error Value: White=0.03 (flawless) /Black=0.03 (flawless)} 1/2-1/2

[Event "51st Rilton Cup 2023-24"]
[Site "Stockholm"]
[Date "2023.12.31"]
[Round "5.7"]
[White "Krishna C R G"]
[Black "Socko, Bartosz"]
[Result "0-1"]
[ECO "E27"]
[WhiteElo "2396"]
[BlackElo "2550"]
[Annotator "TA"]
[PlyCount "111"]
[EventDate "2023.12.27"]
[EventType "swiss"]
[EventCountry "SWE"]
[SourceTitle "playchess.com"]
[Source "ChessBase"]
[SourceQuality "1"]
[TimeControl "40/5400+30:1800+30"]

1. d4 Nf6 2. c4 e6 3. Nc3 Bb4 4. a3 Bxc3+ 5. bxc3 O-O 6. f3 Ne8 (6... d5 $142) 7. e4 $11 {[%emt 0:00:43] E27: Nimzo-Indian: Sämisch: 5...0-0 6 f3.} c5 8. Nh3 ({White should play} 8. f4) 8... Nc6 9. d5 {[%emt 0:09:13] The position is equal.} Na5 10. e5 {[%emt 0:04:05] Wards off Nd6} (10. Bd3 $11 {keeps the balance.}) 10... d6 $17 {[%emt 0:03:27] [#]} 11. dxe6 $146 ({Predecessor:} 11. Bg5 Qc7 12. exd6 Nxd6 13. Bf4 e5 14. Bg3 Bxh3 15. gxh3 Naxc4 16. Bd3 f5 17. Qe2 {0-1 Swayams,M (2450)-Villegas,P (2290) Titled Tuesday intern Qual4 25th April blitz 2017 (3)}) 11... Bxe6 12. Ng5 Bf5 (12... dxe5 $17 {Hoping for ...Qxd1+.} 13. Qc2 g6 14. Nxe6 fxe6) 13. Bd3 $15 Bxd3 (13... g6 $5 14. Bxf5 gxf5 $15) 14. Qxd3 g6 15. Be3 dxe5 {[%emt 0:06:09][%mdl 64] Discovered Attack} 16. Qxd8 Rxd8 17. Bxc5 Nb3 $1 18. Bxf8 Nxa1 19. Bc5 Nc2+ 20. Ke2 Rc8 21. Be7 Rxc4 (21... Rc7 $15 {is more appropriate.} 22. Kd3 Rxe7 23. Kxc2 f5) 22. Rd1 $1 $11 Rc7 (22... Rxc3 $2 23. Rd8 Nd4+ 24. Kd2 Rc2+ 25. Kd3 $18) 23. Bd8 Rc6 {[%emt 0:03:20] ...f6 would be deadly.} 24. Be7 (24. Rd7 $15) 24... f6 $1 $17 (24... Rxc3 $2 25. Rd8 Nd4+ 26. Kd2 Rc2+ 27. Kd3 $18) 25. Kd2 Nxa3 26. Bxa3 fxg5 {[%emt 0:00:13][%mdl 4096] Endgame KRB-KRN} 27. Re1 Re6 28. Bc5 b6 29. Bd4 Nd6 30. Kd3 Nf7 {[%emt 0:03:27] Strongly threatening ...Rd6.} 31. Be3 Kg7 32. c4 Rc6 33. Ra1 Rc7 34. c5 {[%emt 0:01:42] Dodges Nd6} bxc5 35. Kc4 h5 36. Ra6 Rb7 (36... g4 $15 37. fxg4 hxg4) 37. Bxc5 $11 Rb2 38. Rxa7 (38. Be7 $1 $11 {remains equal.}) 38... Rxg2 $17 39. Kd5 Rc2 $1 {[%emt 0:04:51][%cal Oc2c3] Threatens to win with ...Rc3!} (39... Rxh2 40. Ke6 g4 41. Rxf7+ Kg8 42. Rf8+ Kg7 43. Ra8 $16 (43. Kxe5 Re2+ 44. Kf4 g5+ 45. Kf5 gxf3 $11)) 40. Rc7 Ra2 $1 {[%emt 0:00:08][%cal Og7f6] White must now prevent ...Kf6!} (40... Rxh2 41. Ke6 g4 42. Rxf7+ Kg8 43. Rf8+ Kg7 44. Rf7+ (44. Kxe5 Re2+ 45. Kf4 g5+ 46. Kf5 gxf3 $11) 44... Kg8 45. fxg4 hxg4 46. Kf6 $16) 41. h3 (41. Be7 $17) 41... Kf6 $19 42. Be7+ (42. Ke4 {was the only chance.}) 42... Kf5 43. Bb4 {[%emt 0:00:02][%cal Rc7f7] Prevents Rd2+.} Nh6 (43... Nd8 $142 {aiming for ...Ra1.} 44. Rd7 Ra1) 44. Re7 $2 (44. Rh7) 44... Kf4 45. Rxe5 Nf5 {[%emt 0:00:08] And now ...Ne3+ would win.} (45... Kxf3 46. Rxg5 Ra6 47. Re5 $17) 46. Re6 Rb2 (46... Kxf3 47. Rxg6 Ne3+ 48. Ke6 $17) 47. Bc5 Rb3 $2 (47... Kxf3 48. Rxg6 Kf4 49. Ke6 $17) (47... Rd2+ $19 {is more deadly.} 48. Kc4 Rc2+ 49. Kd5 Rh2 50. Re4+ Kxf3) 48. Rxg6 $17 Rxf3 49. Rf6 Kg3 (49... Rxh3 50. Ke6 $11) (49... h4 $17 50. Bd6+ Ke3) 50. Rg6 $2 {[%emt 0:02:29][%mdl 8192] [#]} (50. Ke5 $11 {and White stays safe.}) 50... Kh4 $1 $19 ({Weaker is} 50... Kxh3 51. Rxg5 Ng3 52. Be7 $15) (50... Kf4 51. Rf6 $17) 51. Ke4 {[%emt 0:01:38] [#]} Rf1 ({Stronger than} 51... Rxh3 52. Kxf5 Rf3+ 53. Ke5 $11) (51... Rc3 $1 $19 52. Bb6 Ng3+ 53. Kd5 Rf3) 52. Kd3 $2 (52. Kd5 $17) 52... Ng3 {[%emt 0:02:19] Black is clearly winning.} ({Not} 52... Kxh3 53. Rxg5 h4 54. Rg8 $17) 53. Ke3 (53. Be7 $142 Rd1+ 54. Kc4) 53... Rf5 54. Bb6 Kxh3 55. Rc6 g4 56. Kd4 {[%emt 0:01:02] Weighted Error Value: White=0.48/Black=0.21 (precise)} 0-1

[Event "51st Rilton Cup 2023-24"]
[Site "Stockholm"]
[Date "2023.12.31"]
[Round "5.8"]
[White "Moksh Amit Doshi"]
[Black "Hillarp Persson, Tiger"]
[Result "1-0"]
[ECO "E73"]
[WhiteElo "2366"]
[BlackElo "2493"]
[Annotator "TA"]
[PlyCount "115"]
[EventDate "2023.12.27"]
[EventType "swiss"]
[EventCountry "SWE"]
[SourceTitle "playchess.com"]
[Source "ChessBase"]
[SourceQuality "1"]
[TimeControl "40/5400+30:1800+30"]

1. d4 Nf6 2. c4 g6 3. Nc3 Bg7 4. e4 d6 5. Be2 O-O 6. Be3 e5 7. d5 Na6 8. h4 c6 {[%emt 0:06:01] E73: King's Indian: Averbakh Variation without 6...c5.} 9. h5 cxd5 10. cxd5 Nc5 {[%emt 0:00:07] White is slightly better.} 11. h6 (11. Bxc5 $14 dxc5 12. Qd2) 11... Bh8 $11 {[%emt 0:00:30] [#]} 12. f3 $146 ({Predecessor:} 12. Bxc5 dxc5 13. Nf3 Ne8 14. Nd2 Bd7 15. a4 Qg5 16. g3 Rd8 17. Qb3 b6 18. O-O-O {1-0 Praggnanandhaa,R (2608)-Yip,C (2430) Gelfand Challenge rapid 2021 (5)}) 12... Nh5 13. g4 Nf4 {[%emt 0:02:58] Hoping for ...Ng2+.} 14. Bf1 {[%emt 0:08:33] Prevents Ng2+.} Qb6 {[%emt 0:24:35][%cal Oc5d3] ...Ncd3+! is the strong threat.} 15. Rb1 (15. Qd2 $5 ) 15... a5 (15... Ncd3+ $2 16. Kd2 Nf2 17. Qe1 Nxe4+ 18. fxe4 $18) 16. Qd2 Bd7 {[%emt 0:01:25] Repels Na4} 17. Nh3 Rfe8 (17... Nxh3 $11 {remains equal.} 18. Bxh3 Rfc8) 18. Kf2 ({White should try} 18. Nxf4 $16 exf4 19. Bf2 (19. Bxf4 Bxg4 20. fxg4 Nxe4 $11)) 18... Bf6 19. Kg3 g5 20. Nf2 a4 21. Be2 (21. Nd3 $14) 21... Rec8 22. Rhc1 Bd8 23. Nd3 Nfxd3 (23... Qa5 $11) 24. Bxd3 $16 f6 (24... Qb4 $16 {might work better.}) 25. Bf1 (25. Nxa4 $1 $18 Qa5 26. Qxa5 Rxa5 27. Nxc5 dxc5 28. Rc2) 25... Qb4 {[%emt 0:02:21] [#]} 26. Nb5 $1 {[%emt 0:02:58][%mdl 64] Discovered Attack} Qxd2 27. Bxd2 Bxb5 28. Bxb5 Ba5 {[%emt 0:03:40] Black is weak on the light squares} 29. Be3 Bb6 30. Bf2 Kf8 31. Rc4 {[%emt 0:03:04][%cal Bc1c4,Bc4a4,Ba4b4,Bb4b6][%mdl 32] White is more active.} Ke7 32. Rbc1 Ra5 (32... Rc7 $14) 33. Bxa4 $1 Rxa4 (33... Kd8 $16 {keeps fighting.}) 34. Rxa4 $18 {[%emt 0:00:08][%mdl 64] Pin} Nxe4+ 35. fxe4 Bxf2+ 36. Kxf2 Rxc1 $16 {[%emt 0:00:10][%mdl 4096] Endgame KR-KR} 37. Rb4 Rc7 38. Rb6 Rd7 39. Ke2 $2 (39. a4 $1 $18) 39... Kf7 $1 $14 40. a4 (40. b4 $1 $16) 40... Kg6 41. a5 {[%emt 0:07:41] Strongly threatening b4.} Kxh6 42. b4 {[%emt 0:00:06][%cal Ob6c6] Black must now prevent Rc6!} Kg6 43. b5 h5 44. Kf3 $1 ({Don't play} 44. a6 bxa6 45. bxa6 (45. gxh5+ Kxh5 46. bxa6 g4 $11) 45... hxg4 $11) 44... hxg4+ 45. Kxg4 Rc7 {[%emt 0:00:17] [#]} 46. Rc6 $1 {[%emt 0:02:50][%mdl 64] Inhibits Rc4. Clearance} Rh7 (46... bxc6 $2 47. b6 Rh7 48. dxc6 Rh4+ 49. Kg3 Rxe4 50. c7 $18) 47. Rxd6 Rh4+ 48. Kf3 g4+ $2 {[%emt 0:01:26][%mdl 8192] [#]} (48... Rf4+ $16 49. Ke3 g4) 49. Kg2 $1 $18 {[%emt 0:01:04] aiming for Rd7.} Kg5 50. a6 $2 (50. Rd7 $18) 50... bxa6 $11 51. bxa6 Rh3 $2 (51... Rh7 $11) 52. Rb6 $18 {[%emt 0:01:50] d6 would be deadly.} Ra3 {[%emt 0:00:12] [#]} 53. d6 $1 Ra2+ 54. Kf1 Ra1+ 55. Ke2 Ra2+ 56. Kd3 {[%emt 0:01:10] White threatens d7 and mate.} Ra1 57. Kc2 g3 58. d7 {[%emt 0:00:23] An entertaining game by Moksh Amit Doshi.   Weighted Error Value: White=0.27 (precise) /Black=0.47} 1-0

[Event "51st Rilton Cup 2023-24"]
[Site "Stockholm"]
[Date "2023.12.31"]
[Round "5.9"]
[White "Bailet, Pierre"]
[Black "Olsson, William"]
[Result "0-1"]
[ECO "A07"]
[WhiteElo "2492"]
[BlackElo "2379"]
[Annotator "TA"]
[PlyCount "102"]
[EventDate "2023.12.27"]
[EventType "swiss"]
[EventCountry "SWE"]
[SourceTitle "playchess.com"]
[Source "ChessBase"]
[SourceQuality "1"]
[TimeControl "40/5400+30:1800+30"]

1. Nf3 d5 2. g3 Nf6 3. Bg2 c6 4. O-O Bg4 5. h3 Bxf3 6. Bxf3 Nbd7 {[%emt 0:01:06] A07: Réti Opening: New York and Capablanca Systems.} 7. d3 e5 8. Nc3 Bc5 {[%emt 0:10:13] The position is equal.} 9. e4 dxe4 10. Nxe4 Nxe4 11. Bxe4 O-O 12. Bg2 f5 {[%emt 0:02:46] [#]} 13. c3 $146 ({Predecessor:} 13. Qe2 Qf6 14. Be3 f4 15. Bxc5 Nxc5 16. Bf3 Ne6 17. c3 Ng5 18. h4 fxg3 19. Bg4 {½-½ Moeller,P (2150)-Schreiber,K (1674) Mecklenburg VP-ch 2010 (6.3)}) 13... Bb6 14. d4 f4 15. gxf4 exd4 16. cxd4 Nf6 $1 17. Be3 Nd5 {[%emt 0:02:43][%mdl 1024] Black has compensation.} 18. Qb3 Rf5 19. Be4 Rh5 20. Bf3 (20. Bd2 $11 {remains equal.}) 20... Rh4 (20... Rxh3 $17 21. Kg2 Qd7) 21. Kg2 Kh8 (21... Qd7 {is interesting.} 22. Rh1 Qf7 23. Rae1 Rd8) 22. Bxd5 cxd5 $40 {[%emt 0:00:08][%mdl 128] Black has some attack.} 23. Qd1 (23. Rad1 $11) 23... Qd7 24. Qf3 Rf8 {[%emt 0:00:59] Black is much more active.} 25. Rac1 $1 Rf5 ({Better is} 25... Bc7 $15) 26. Rg1 (26. Bd2 $11) 26... Bc7 $17 27. Kf1 Bxf4 {[%emt 0:02:19] White must now prevent ...Bh2.} 28. Rg4 Bd6 29. Qg2 Rhh5 30. Kg1 Rf7 31. Rc3 Rhf5 32. Rg5 Bb4 33. Rc1 Rxg5 (33... h6 $5 34. Rxf5 Rxf5 $17) 34. Bxg5 Qf5 35. Bh4 h6 (35... h5 $5 ) 36. Bg3 Kh7 37. a3 Be7 38. Rc7 Bd8 39. Rxf7 Qxf7 $11 {[%emt 0:00:10][%mdl 4096] Endgame KQB-KQB} 40. Kh2 (40. b4 $11) 40... Bg5 ({Black should play} 40... Bb6 $1 $17 41. Qf1 Qf3) 41. a4 (41. Kg1 $11 {keeps the balance.}) 41... Qf5 $1 $17 42. Qf1 Be3 43. Kg1 (43. Be5 $17 {is a better defense.}) 43... Bxd4 $19 44. Qb5 (44. Qe2 $142) 44... b6 (44... Qxh3 45. Qd3+ Kg8 46. Qxd4 $18) 45. b4 (45. Qe2 $142) 45... Qe4 ({Resist} 45... Qxh3 46. Qd3+ Kg8 47. Qxd4 $18) (45... Qf3 $19 46. Kf1 Bf6) 46. Qd7 {[%emt 0:00:00] [#]} Bf6 ({Black should try} 46... Bc3 $1 $19 {...d4 would be deadly.} 47. b5 d4) 47. Qxa7 $2 {[%emt 0:00:00][%mdl 8192] [#] Loses the game.} (47. Qg4 $17 {is a better chance.}) 47... d4 $1 {[%emt 0:00:00] Hoping for ...d3. Black is clearly winning.} ({Weaker is} 47... Qxb4 48. Qd7 $17) 48. Qd7 (48. Qxb6 $2 {perishes.} d3 49. Qd6 Qe1+ 50. Kg2 d2) 48... d3 49. Bf4 Qxf4 50. Qxd3+ Kh8 51. a5 bxa5 {[%emt 0:00:00] Weighted Error Value: White=0.39/Black=0.20 (precise)} 0-1

[Event "51st Rilton Cup 2023-24"]
[Site "Stockholm"]
[Date "2023.12.31"]
[Round "5.10"]
[White "Malek, Jan"]
[Black "Nyysti, Sampsa"]
[Result "1-0"]
[ECO "E48"]
[WhiteElo "2434"]
[BlackElo "2339"]
[Annotator "RC"]
[PlyCount "45"]
[EventDate "2023.12.27"]
[EventType "swiss"]
[EventCountry "SWE"]
[SourceTitle "playchess.com"]
[Source "ChessBase"]
[SourceQuality "1"]
[TimeControl "40/5400+30:1800+30"]

1. d4 Nf6 2. c4 e6 3. Nc3 Bb4 4. e3 O-O 5. Bd3 Re8 6. Nge2 d5 7. O-O Nc6 8. a3 Bd6 9. c5 Bf8 10. f4 a5 11. Bd2 Bd7 12. Kh1 b6 13. cxb6 cxb6 14. Ng1 Ne7 15. g4 Bc6 16. Qf3 Qb8 17. g5 Nd7 18. Qh3 g6 19. Nf3 b5 20. Nd1 Nf5 21. Nf2 a4 22. Ng4 b4 23. Nfe5 1-0

[Event "51st Rilton Cup 2023-24"]
[Site "Stockholm"]
[Date "2023.12.31"]
[Round "5.11"]
[White "Dotzer, Lukas"]
[Black "Oratovsky, Michael"]
[Result "1/2-1/2"]
[ECO "B36"]
[WhiteElo "2338"]
[BlackElo "2421"]
[Annotator "RC"]
[PlyCount "60"]
[EventDate "2023.12.27"]
[EventType "swiss"]
[EventCountry "SWE"]
[SourceTitle "playchess.com"]
[Source "ChessBase"]
[SourceQuality "1"]
[TimeControl "40/5400+30:1800+30"]

1. e4 c5 2. Nf3 Nc6 3. d4 cxd4 4. Nxd4 g6 5. c4 Nf6 6. Nc3 d6 7. Be2 Nxd4 8. Qxd4 Bg7 9. Be3 O-O 10. Qd2 a5 11. O-O a4 12. f3 Qa5 13. Rab1 Be6 14. Rfc1 Rfc8 15. b3 axb3 16. axb3 Qb4 17. Na4 Qxd2 18. Bxd2 Nd7 19. Be3 f5 20. c5 dxc5 21. Nxc5 Nxc5 22. Rxc5 fxe4 23. fxe4 Rxc5 24. Bxc5 Ra2 25. Bc4 Bxc4 26. bxc4 Rc2 27. Rxb7 Rxc4 28. Bxe7 Rxe4 29. Bc5 Bd4+ 30. Bxd4 Rxd4 1/2-1/2